 Dungeon Crawl Stone Soup version 0.17.0-28-g6e173f8 (webtiles) character file.

518 shane the Fighter (level 7, 0/69 HPs)
             Began as a Minotaur Berserker on Nov 29, 2015.
             Was an Elder of Trog.
             Slain by a troll (5 damage)
             ... on level 7 of the Dungeon on Nov 30, 2015.
             The game lasted 00:31:12 (4528 turns).

shane the Fighter (Minotaur Berserker)              Turns: 4528, Time: 00:31:12

Health: 0/69       AC:  6    Str: 24    XL:     7   Next: 1%
Magic:  6/6        EV: 12    Int:  4    God:    Trog [****..]
Gold:   290        SH:  0    Dex:  9    Spells: 0 memorised, 6 levels left

rFire  . . .     SeeInvis .     x - -2 mace (curse)
rCold  . . .     Clarity  .     b - +2 animal skin
rNeg   . . .     SustAt   .     (no shield)
rPois  .         Gourm    .     (helmet restricted)
rElec  .         Spirit   .     (no cloak)
rCorr  .         Warding  .     (no gloves)
rMut   .         Rnd*Tele +     (no boots)
MR     .....                    (no amulet)
Stlth  +.........               h - ring of flight
                                (no ring)

@: not resistant to hostile enchantments, very unstealthy
A: retaliatory headbutt, horns 2, yellow scales 1, teleportitis 1, evolution 2
a: Berserk, Trog's Hand, Brothers in Arms, Burn Spellbooks, Renounce Religion,
Evoke Flight


You were on level 7 of the Dungeon.
You worshipped Trog.
Trog was greatly pleased with you.
You were very hungry.

You visited 1 branch of the dungeon, and saw 6 of its levels.

You collected 290 gold pieces.

Inventory:

Hand Weapons
 a - a +0 falchion
 j - a +0 spear
 x - a cursed -2 mace (weapon)
Armour
 b - a +2 animal skin (worn)
Jewellery
 h - a ring of flight (right hand)
Wands
 q - a wand of random effects (21)
Scrolls
 e - 2 scrolls of random uselessness
 f - a scroll of identify
 i - a scroll of teleportation {unknown}
 m - 2 scrolls of fog
 s - 2 scrolls of blinking {unknown}
 w - a scroll of magic mapping {unknown}
Potions
 c - a potion of curing
 d - 2 potions of brilliance
 g - a potion of degeneration {unknown}
 o - a potion of flight
 r - a potion of magic
Comestibles
 k - 6 fruits
 l - a beef jerky
 p - 2 royal jellies
 t - a bread ration


   Skills:
 * Level 8.5 Fighting
 - Level 4.4 Long Blades
 + Level 0.5 Maces & Flails
 - Level 0.5 Polearms
 + Level 2.6 Armour
 - Level 3.2 Dodging
 - Level 0.8 Stealth


You had 6 spell levels left.
You didn't know any spells.

Dungeon Overview and Level Annotations

Branches:
Dungeon (7/15)
 Temple: D:4-7

Altars:
Makhleb
Ru
Xom
Yredelemnul
Zin


Innate Abilities, Weirdness & Mutations

You reflexively headbutt those who attack you in melee.
You have a pair of horns on your head.
You are partially covered in yellow scales (AC +2).
You are occasionally teleported to nearby monsters.
You rapidly evolve.


Message History

Your black bear rages.
Found a scroll labeled LOOBEB NALI.
You fall through a shaft for 2 floors!
The shaft crumbles and collapses.
A troll comes into view.
The troll shouts!
You closely miss the troll. The troll bites you! The troll closely misses you.
The troll claws you.
You closely miss the troll. The troll bites you!
* * * LOW HITPOINT WARNING * * *
The troll closely misses you. The troll barely misses you.
You feel better. The troll bites you but does no damage. The troll claws you!
* * * LOW HITPOINT WARNING * * *
The troll claws you.
* * * LOW HITPOINT WARNING * * *
You hit the troll but do no damage. The troll closely misses you.
The troll claws you.
* * * LOW HITPOINT WARNING * * *
The troll claws you.
You die...

###
#..##+##
#......#
#...@..#
#...T..#
#......#
#..##.##
#+# .#
.. ...
... ####


You could see a troll.

Vanquished Creatures
  The ghost of plasmid the Changer, an amateur DrTm (D:4)
  2 orc priests (D:3)
  A hound (D:3)
  2 worker ants
  A hound skeleton (D:4)
  5 gnolls
  Robin (D:2)
  5 adders
  2 oozes (D:2)
  2 worms
  5 giant geckos
  6 orcs
  A ball python (D:2)
  9 giant cockroaches
  17 goblins
  13 hobgoblins
  8 jackals
  8 kobolds
  A quokka (D:4)
  3 bats
  8 giant newts
  A quokka skeleton (D:4)
  10 rats
112 creatures vanquished.

Vanquished Creatures (collateral kills)
  A killer bee zombie (D:5)
1 creature vanquished.

Grand Total: 113 creatures vanquished

Notes
Turn   | Place    | Note
--------------------------------------------------------------
     0 | D:1      | shane the Minotaur Berserker began the quest for the Orb.
     0 | D:1      | Reached XP level 1. HP: 19/19 MP: 0/0
    54 | D:1      | Reached XP level 2. HP: 10/27 MP: 1/1
   112 | D:1      | Reached skill level 4 in Long Blades
   606 | D:1      | Reached XP level 3. HP: 18/33 MP: 2/2
   780 | D:1      | Reached ** piety under Trog
  1202 | D:2      | Reached XP level 4. HP: 19/41 MP: 3/3
  1872 | D:2      | Noticed Robin
  1900 | D:2      | Reached skill level 5 in Fighting
  1920 | D:2      | Killed Robin
  1920 | D:2      | Reached XP level 5. HP: 11/48 MP: 4/4
  2079 | D:2      | Reached *** piety under Trog
  3006 | D:3      | Found a glowing drain.
  3235 | D:3      | Found a burning altar of Makhleb.
  3245 | D:3      | Reached skill level 6 in Fighting
  3298 | D:3      | Reached XP level 6. HP: 23/58 MP: 5/5
  3741 | D:4      | Reached skill level 7 in Fighting
  3758 | D:4      | Gained mutation: You are partially covered in yellow scales (AC +2). [potion of mutation]
  3758 | D:4      | Gained mutation: You evolve. [potion of mutation]
  3758 | D:4      | Gained mutation: You are occasionally teleported to nearby monsters. [potion of mutation]
  3761 | D:4      | Gained mutation: You rapidly evolve. [evolution]
  3803 | D:4      | Reached **** piety under Trog
  3861 | D:4      | Noticed plasmid's ghost (amateur DrTm)
  3873 | D:4      | Killed plasmid's ghost
  3873 | D:4      | Reached skill level 8 in Fighting
  3982 | D:4      | Found a glowing silver altar of Zin.
  4418 | D:5      | Entered Level 5 of the Dungeon
  4418 | D:5      | Found a shimmering altar of Xom.
  4418 | D:5      | Found a basalt altar of Yredelemnul.
  4418 | D:5      | Found a sacrificial altar of Ru.
  4510 | D:5      | Reached XP level 7. HP: 43/69 MP: 6/6
  4523 | D:5      | You fall through a shaft for 2 floors!
  4523 | D:7      | Noticed a troll
  4528 | D:7      | Slain by a troll

Action                   |  1- 3 |  4- 6 |  7- 9 || total
-------------------------+-------+-------+-------++-------
Melee: Falchion          |    53 |    31 |       ||    84
       Spear             |    21 |   124 |       ||   145
       Mace              |       |    52 |     3 ||    55
Invok: Berserk           |     1 |     2 |       ||     3
       Trog's Hand       |       |     1 |       ||     1
       Brothers in Arms  |       |     1 |       ||     1
  Use: Scroll            |     1 |     8 |       ||     9
       Potion            |       |     4 |     1 ||     5
 Stab: Sleeping          |     2 |     1 |       ||     3
  Eat: Bread ration      |       |     3 |       ||     3
       Fruit             |       |     1 |       ||     1
